Jets vs Canucks

Created - 11 novembre 2025 at 09:16

Goals
1 2 3 T
Jets 0 1 1 2
Canucks 0 0 1 1
Shots
1 2 3 T
Jets 8 11 15 34
Canucks 19 8 7 34

GoalsPenalties
1st period
No Goal
Robert Thomas (WPG) for High sticking (Minor) at 13:24
2nd period
1. Jets , Ryan Strome 4 (Ilya Lyubushkin 4, Mathieu Olivier 2) at 19:36
No Penalty
3rd period
2. Jets , Thomas Chabot 3 (Kirill Kaprizov 5) at 4:45 (PP)
3. Canucks , Jonathan Huberdeau 8 (Oliver Ekman-Larsson 4, Matt Duchene 12) at 17:51 (PP)
Stefan Noesen (VAN) for Tripping (Minor) at 0:22
Johnathan Kovacevic (VAN) for Roughing (Minor) at 4:30
Kirill Kaprizov (WPG) for Holding (Minor) at 6:51
Mathieu Olivier (WPG) for Tripping (Minor) at 17:45
Goalie Stats
Ville Husso (WPG), 33 saves from 34 shots - (0,971), W, 3-0-0, 60:00 minutes
Ukko-Pekka Luukkonen (VAN), 32 saves from 34 shots - (0,941), L, 7-6-0, 59:03 minutes
3 StarsOfficial
1 - Ville Husso (WPG)
2 - Thomas Chabot (WPG)
3 - Ryan Strome (WPG)
Referees : Justin Kea and Grace Barlow
Linesman : David Brisebois and Sarah Buckner
Game Note
No Game Note
Finance
Level 1 -- Attendance: 4777 (74%) -- Ticket Income $477,700
Level 2 -- Attendance: 4211 (75%) -- Ticket Income $252,660
Level 3 -- Attendance: 3687 (67%) -- Ticket Income $110,610
Level 4 -- Attendance: 3354 (68%) -- Ticket Income $67,080
Luxury Box -- Attendance: 1086 (94%) -- Ticket Income $217,200
Game was played at the General Motors Place.
Total Attendance: 17115 (72%)
Total Ticket Income: $1,125,250
Other Income: $337,575
Total Income: $1,462,825



Team Name Goals Shots Shots Attemp Shots Blocked PIM HIT PP PK FO%
Jets 23476156161 / 2 (50%)149%
Canucks 13472144171 / 3 (33%)151%

Jets
Player Name POS G A P +/- PIM HIT SHT SB MP PP MP PP SHT PK MP PK SHT FO% FOT GA TA
Adam KlapkaRW000002009:510:0000:0000% 100
Adam LarssonD0000010122:111:0202:3500% 002
Anze KopitarC0000003017:430:5202:05055% 2001
Christopher TanevD0000002424:010:0001:2910% 010
Curtis LazarC/LW/RW0000000011:470:0001:330100% 100
Dougie HamiltonD0000001319:451:0210:0000% 001
Ilya LyubushkinD0111011013:080:0001:2900% 000
Kirill KaprizovLW/RW0110222117:510:5200:00050% 200
Mark ScheifeleC0000011018:141:1200:07050% 2001
Martin NecasC/LW/RW0000014014:501:2220:0000% 100
Mathieu OlivierLW/RW0111212113:010:0000:3100% 110
Matt GrzelcykD0001001111:520:0000:0000% 010
Nick FolignoC/LW0001050016:431:2202:08050% 200
Nikita KucherovRW0000003017:300:5200:0000% 230
Robert ThomasC/RW0000205016:221:2200:0100% 111
Ryan StromeC/LW/RW1011004014:060:0001:43050% 820
Thomas ChabotD1010024327:071:1222:3500% 000
Tommy NovakC/LW000000119:510:0000:00067% 610
Canucks
Player Name POS G A P +/- PIM HIT SHT SB MP PP MP PP SHT PK MP PK SHT FO% FOT GA TA
Carson SoucyD0000010019:451:1000:4900% 003
Casey CizikasC/LW000-1011018:461:4800:11054% 1300
Drew O'ConnorLW/RW000-1015118:351:4800:00050% 210
Jacob BrysonD000000003:190:0000:0000% 000
Jakob ChychrunD000-1012228:082:5401:2500% 001
Johnathan KovacevicD0000212519:441:1000:4900% 002
Jonathan DrouinLW/RW000-1005018:471:4800:000100% 100
Jonathan HuberdeauLW/RW1010006021:572:1621:3200% 000
Jonny BrodzinskiC/LW/RW0000013014:290:0400:31070% 1000
Kirby DachC/RW000001105:380:0000:000100% 100
Lane HutsonD0000011112:070:0000:0000% 000
Matt DucheneC/RW0110003225:232:1201:37039% 3630
Max PaciorettyLW/RW0000030014:480:0000:370100% 102
Oliver Ekman-LarssonD011-1023124:492:5401:2500% 001
Stefan NoesenRW0000230220:152:1200:0000% 020
Tomas TatarLW/RW0000012013:290:0400:0000% 000
Vincent DesharnaisD0000000012:070:0000:0000% 001
William CarrierLW000000005:380:0000:000100% 100

Jets

5 vs 5 Forward
Line #Left WingCenterRight WingPHYDFOFWanted %Time %Time Play
1Kirill KaprizovMark ScheifeleNikita Kucherov1133332%16:56
2Martin NecasAnze KopitarRobert Thomas1222726%13:28
3Nick FolignoRyan StromeMathieu Olivier2212223%12:13
4Curtis LazarTommy NovakAdam Klapka1311819%9:51
5 vs 5 Defense
Line #DefenseDefensePHYDFOFWanted %Time %Time Play
1Thomas ChabotChristopher Tanev0324040%20:50
2Dougie HamiltonAdam Larsson1313535%18:22
3Ilya LyubushkinMatt Grzelcyk1312022%11:39
4Thomas ChabotChristopher Tanev02353%1:37
Power Play Forward
Line #Left WingCenterRight WingPHYDFOFWanted %Time %Time Play
1Kirill KaprizovAnze KopitarNikita Kucherov1136539%0:52
2Nick FolignoRobert ThomasMartin Necas1133561%1:22
Power Play Defense
Line #DefenseDefensePHYDFOFWanted %Time %Time Play
1Mark ScheifeleThomas Chabot1136554%1:12
2Dougie HamiltonAdam Larsson1133546%1:02
Penalty Kill 4 Players Forward
Line #CenterWingPHYDFOFWanted %Time %Time Play
1Anze KopitarNick Foligno0506597%3:57
2Mark ScheifeleRobert Thomas050353%0:07
Penalty Kill 4 Players Defense
Line #DefenseDefensePHYDFOFWanted %Time %Time Play
1Thomas ChabotAdam Larsson0506564%2:35
2Ilya LyubushkinChristopher Tanev0503536%1:29
Penalty Kill 3 Players
Line #WingPHYDFOFWanted %Time %Time PlayDefenseDefensePHYDFOFWanted %Time %Time Play
1Anze Kopitar050600%0:00 Thomas ChabotAdam Larsson050600%0:00
2Robert Thomas050400%0:00 Ilya LyubushkinChristopher Tanev050400%0:00
4 vs 4 Forward
Line #CenterWingPHYDFOFWanted %Time %Time Play
1Anze KopitarNikita Kucherov113600%0:00
2Robert ThomasMartin Necas113400%0:00
4 vs 4 Defense
Line #DefensePHYDFOFWanted %Time %Time Play
1Thomas ChabotAdam Larsson113600%0:00
2Dougie HamiltonChristopher Tanev113400%0:00
Last Minutes Offensive
Left WingCenterRight WingDefenseDefense
Kirill KaprizovMark ScheifeleNikita KucherovThomas ChabotChristopher Tanev
Last Minutes Defensive
Left WingCenterRight WingDefenseDefense
Nick FolignoAnze KopitarRobert ThomasAdam LarssonChristopher Tanev
Time
Total ForwardTotal DefenseLast Minutes OffensiveLast Minutes Defensive
60:00 60:00 0:001:14
Extra Forwards
Normal PowerPlayPenalty Kill
Robert Thomas, Kirill Kaprizov, Mark ScheifeleRobert Thomas, Mark ScheifeleAnze Kopitar
Extra Defensemen
Normal PowerPlayPenalty Kill
Thomas Chabot, Adam Larsson, Dougie HamiltonThomas Chabot, Adam LarssonChristopher Tanev
Penalty Shots
Nikita Kucherov, Mark Scheifele, Martin Necas, Kirill Kaprizov, Robert Thomas
Goalie
Ville Husso, Linus Ullmark
Scratches
None

Canucks

5 vs 5 Forward
Line #Left WingCenterRight WingPHYDFOFWanted %Time %Time Play
1Jonathan HuberdeauMatt DucheneStefan Noesen1224032%16:54
2Jonathan DrouinCasey CizikasDrew O'Connor1223032%16:47
3Tomas TatarJonny BrodzinskiMax Pacioretty1222025%13:08
4William CarrierKirby DachMatt Duchene1221011%5:38
5 vs 5 Defense
Line #DefenseDefensePHYDFOFWanted %Time %Time Play
1Jakob ChychrunOliver Ekman-Larsson1224037%19:33
2Carson SoucyJohnathan Kovacevic1223034%17:46
3Lane HutsonVincent Desharnais1222023%11:49
4Jacob BrysonJakob Chychrun122106%3:19
Power Play Forward
Line #Left WingCenterRight WingPHYDFOFWanted %Time %Time Play
1Jonathan HuberdeauMatt DucheneStefan Noesen1226056%2:16
2Jonathan DrouinCasey CizikasDrew O'Connor1224044%1:48
Power Play Defense
Line #DefenseDefensePHYDFOFWanted %Time %Time Play
1Jakob ChychrunOliver Ekman-Larsson1226071%2:54
2Carson SoucyJohnathan Kovacevic1224029%1:10
Penalty Kill 4 Players Forward
Line #CenterWingPHYDFOFWanted %Time %Time Play
1Matt DucheneJonathan Huberdeau1226092%2:03
2Stefan NoesenCasey Cizikas122408%0:11
Penalty Kill 4 Players Defense
Line #DefenseDefensePHYDFOFWanted %Time %Time Play
1Jakob ChychrunOliver Ekman-Larsson1226063%1:25
2Carson SoucyJohnathan Kovacevic1224037%0:49
Penalty Kill 3 Players
Line #WingPHYDFOFWanted %Time %Time PlayDefenseDefensePHYDFOFWanted %Time %Time Play
1Matt Duchene122600%0:00 Jakob ChychrunOliver Ekman-Larsson122600%0:00
2Jonathan Huberdeau122400%0:00 Carson SoucyJohnathan Kovacevic122400%0:00
4 vs 4 Forward
Line #CenterWingPHYDFOFWanted %Time %Time Play
1Matt DucheneJonathan Huberdeau122600%0:00
2Stefan NoesenCasey Cizikas122400%0:00
4 vs 4 Defense
Line #DefensePHYDFOFWanted %Time %Time Play
1Jakob ChychrunOliver Ekman-Larsson122600%0:00
2Carson SoucyJohnathan Kovacevic122400%0:00
Last Minutes Offensive
Left WingCenterRight WingDefenseDefense
Jonathan HuberdeauMatt DucheneStefan NoesenJakob ChychrunOliver Ekman-Larsson
Last Minutes Defensive
Left WingCenterRight WingDefenseDefense
Jonathan HuberdeauMatt DucheneStefan NoesenJakob ChychrunOliver Ekman-Larsson
Time
Total ForwardTotal DefenseLast Minutes OffensiveLast Minutes Defensive
60:00 60:00 1:150:00
Extra Forwards
Normal PowerPlayPenalty Kill
Tomas Tatar, Jonny Brodzinski, Max PaciorettyTomas Tatar, Jonny BrodzinskiMax Pacioretty
Extra Defensemen
Normal PowerPlayPenalty Kill
Lane Hutson, Vincent Desharnais, Jacob BrysonLane Hutson, Vincent DesharnaisJacob Bryson
Penalty Shots
Matt Duchene, Jonathan Huberdeau, Stefan Noesen, Casey Cizikas, Jonathan Drouin
Goalie
Ukko-Pekka Luukkonen, Calvin Pickard
Scratches
None


Play-by-Play

1st period


0:01 of 1st period - Mark Scheifele wins face-off versus Matt Duchene in neutral zone.
0:43 of 1st period - Snap shot by Drew O'Connor.
0:43 of 1st period - Stopped by Ville Husso without a rebound.
0:44 of 1st period - Ryan Strome wins face-off versus Jonny Brodzinski in Jets zone.
0:44 of 1st period - Ryan Strome is hit by Tomas Tatar.
0:54 of 1st period - Snap shot by Ryan Strome.
0:54 of 1st period - Stopped by Ukko-Pekka Luukkonen with a rebound.
0:56 of 1st period - Backhand shot by Nick Foligno.
0:56 of 1st period - Shot Misses the Net.
1:10 of 1st period - Dougie Hamilton is hit by Kirby Dach and loses puck.
1:19 of 1st period - Wrist shot by Matt Duchene.
1:19 of 1st period - Shot Misses the Net.
1:21 of 1st period - Wrist shot by Kirby Dach.
1:21 of 1st period - Shot Misses the Net.
1:31 of 1st period - Slapshot by Matt Grzelcyk.
1:31 of 1st period - Shot Blocked by Lane Hutson.
1:33 of 1st period - Snap shot by Nikita Kucherov.
1:33 of 1st period - Shot Misses the Net.
1:35 of 1st period - Snap shot by Nikita Kucherov.
1:35 of 1st period - Stopped by Ukko-Pekka Luukkonen with a rebound.
1:37 of 1st period - Slapshot by Christopher Tanev.
1:37 of 1st period - Stopped by Ukko-Pekka Luukkonen without a rebound.
1:38 of 1st period - Matt Duchene wins face-off versus Mark Scheifele in Canucks zone.
1:40 of 1st period - Icing by Jakob Chychrun.
1:41 of 1st period - Anze Kopitar wins face-off versus Matt Duchene in Canucks zone.
1:42 of 1st period - Snap shot by Robert Thomas.
1:42 of 1st period - Stopped by Ukko-Pekka Luukkonen with a rebound.
2:10 of 1st period - Snap shot by Jakob Chychrun.
2:10 of 1st period - Stopped by Ville Husso without a rebound.
2:11 of 1st period - Ryan Strome wins face-off versus Casey Cizikas in Jets zone.
2:52 of 1st period - Snap shot by Nick Foligno.
2:52 of 1st period - Shot Misses the Net.
3:20 of 1st period - Wrist shot by Jonathan Drouin.
3:20 of 1st period - Shot Blocked by Thomas Chabot.
3:46 of 1st period - Slapshot by Jonathan Drouin.
3:46 of 1st period - Stopped by Ville Husso without a rebound.
3:47 of 1st period - Matt Duchene wins face-off versus Mark Scheifele in Jets zone.
3:58 of 1st period - Snap shot by Mark Scheifele.
3:58 of 1st period - Deflect By Nikita Kucherov.
3:58 of 1st period - Deflect By Jonathan Huberdeau.
3:58 of 1st period - Shot Misses the Net.
3:58 of 1st period - Puck is out of play.
3:59 of 1st period - Mark Scheifele wins face-off versus Matt Duchene in Canucks zone.
4:44 of 1st period - Snap shot by Matt Duchene.
4:44 of 1st period - Shot Blocked by Adam Larsson.
4:46 of 1st period - Slapshot by Stefan Noesen.
4:46 of 1st period - Shot Misses the Net.
5:19 of 1st period - Curtis Lazar is hit by Stefan Noesen and loses puck.
6:00 of 1st period - Slapshot by Jakob Chychrun.
6:00 of 1st period - Shot Misses the Net.
6:02 of 1st period - Slapshot by Oliver Ekman-Larsson.
6:02 of 1st period - Stopped by Ville Husso without a rebound.
6:03 of 1st period - Anze Kopitar wins face-off versus Jonny Brodzinski in Jets zone.
6:30 of 1st period - Carson Soucy is hit by Kirill Kaprizov and loses puck.
6:37 of 1st period - Thomas Chabot is hit by Max Pacioretty and loses puck.
7:20 of 1st period - Slapshot by Jonny Brodzinski.
7:20 of 1st period - Shot Blocked by Christopher Tanev.
7:22 of 1st period - Slapshot by Lane Hutson.
7:22 of 1st period - Shot Blocked by Christopher Tanev.
7:24 of 1st period - Slapshot by Tomas Tatar.
7:24 of 1st period - Shot Misses the Net.
7:26 of 1st period - Backhand shot by Johnathan Kovacevic.
7:26 of 1st period - Shot Blocked by Thomas Chabot.
7:28 of 1st period - Slapshot by Lane Hutson.
7:28 of 1st period - Stopped by Ville Husso with a rebound.
7:30 of 1st period - Slapshot by Johnathan Kovacevic.
7:30 of 1st period - Deflect By Tomas Tatar.
7:30 of 1st period - Shot Misses the Net.
7:30 of 1st period - Puck is out of play.
7:31 of 1st period - Casey Cizikas wins face-off versus Anze Kopitar in Jets zone.
7:32 of 1st period - Slapshot by Drew O'Connor.
7:32 of 1st period - Stopped by Ville Husso with a rebound.
7:42 of 1st period - Wrist shot by Robert Thomas.
7:42 of 1st period - Stopped by Ukko-Pekka Luukkonen without a rebound.
7:43 of 1st period - Casey Cizikas wins face-off versus Anze Kopitar in Canucks zone.
7:52 of 1st period - Anze Kopitar is hit by Johnathan Kovacevic.
9:03 of 1st period - Icing by Stefan Noesen.
9:04 of 1st period - Jonny Brodzinski wins face-off versus Martin Necas in Canucks zone.
9:42 of 1st period - Wrist shot by Casey Cizikas.
9:42 of 1st period - Deflect By Jonathan Drouin.
9:42 of 1st period - Stopped by Ville Husso without a rebound.
9:43 of 1st period - Jonathan Drouin wins face-off versus Anze Kopitar in Jets zone.
10:33 of 1st period - Stefan Noesen is hit by Mathieu Olivier and loses puck.
10:45 of 1st period - Dougie Hamilton is hit by Carson Soucy and loses puck.
11:14 of 1st period - Snap shot by Robert Thomas.
11:14 of 1st period - Shot Misses the Net.
11:16 of 1st period - Snap shot by Martin Necas.
11:16 of 1st period - Shot Blocked by Johnathan Kovacevic.
11:18 of 1st period - Wrist shot by Robert Thomas.
11:18 of 1st period - Shot Blocked by Johnathan Kovacevic.
11:20 of 1st period - Slapshot by Thomas Chabot.
11:20 of 1st period - Shot Hit the Post.
11:33 of 1st period - Off-side.
11:34 of 1st period - Matt Duchene wins face-off versus Mark Scheifele in neutral zone.
11:37 of 1st period - Ilya Lyubushkin is hit by Oliver Ekman-Larsson and loses puck.
12:23 of 1st period - Lane Hutson is hit by Nick Foligno and loses puck.
12:41 of 1st period - Off-side.
12:42 of 1st period - Mark Scheifele wins face-off versus Matt Duchene in neutral zone.
12:45 of 1st period - Snap shot by Mark Scheifele.
12:45 of 1st period - Shot Misses the Net.
13:09 of 1st period - Snap shot by Robert Thomas.
13:09 of 1st period - Shot Blocked by Johnathan Kovacevic.
13:11 of 1st period - Snap shot by Robert Thomas.
13:11 of 1st period - Deflect By Anze Kopitar.
13:11 of 1st period - Stopped by Ukko-Pekka Luukkonen without a rebound.
13:12 of 1st period - Anze Kopitar wins face-off versus Matt Duchene in Canucks zone.
13:17 of 1st period - Wrist shot by Anze Kopitar.
13:17 of 1st period - Shot Blocked by Stefan Noesen.
13:24 of 1st period - Minor Penalty to Robert Thomas for High sticking.
13:25 of 1st period - Anze Kopitar wins face-off versus Matt Duchene in Jets zone.
13:33 of 1st period - Wrist shot by Jonathan Huberdeau.
13:33 of 1st period - Stopped by Ville Husso with a rebound.
14:24 of 1st period - Ilya Lyubushkin is hit by Drew O'Connor and loses puck.
15:24 of 1st period - Penalty to Robert Thomas is over, Robert Thomas is back on ice.
15:33 of 1st period - Slapshot by Tomas Tatar.
15:33 of 1st period - Deflect By Jonny Brodzinski.
15:33 of 1st period - Shot Misses the Net.
15:33 of 1st period - Puck is out of play.
15:34 of 1st period - Mark Scheifele wins face-off versus Jonny Brodzinski in Jets zone.
15:34 of 1st period - Mark Scheifele is hit by Lane Hutson.
16:12 of 1st period - Icing by Carson Soucy.
16:13 of 1st period - Kirby Dach wins face-off versus Adam Klapka in Canucks zone.
16:26 of 1st period - Slapshot by Kirby Dach.
16:26 of 1st period - Shot Misses the Net.
16:28 of 1st period - Wrist shot by Matt Duchene.
16:28 of 1st period - Stopped by Ville Husso with a rebound.
16:30 of 1st period - Slapshot by Johnathan Kovacevic.
16:30 of 1st period - Stopped by Ville Husso with a rebound.
16:38 of 1st period - Backhand shot by Kirby Dach.
16:38 of 1st period - Shot Misses the Net.
16:40 of 1st period - Slapshot by Johnathan Kovacevic.
16:40 of 1st period - Deflect By Matt Duchene.
16:40 of 1st period - Stopped by Ville Husso with a rebound.
16:42 of 1st period - Slapshot by Johnathan Kovacevic.
16:42 of 1st period - Stopped by Ville Husso with a rebound.
16:44 of 1st period - Snap shot by Kirby Dach.
16:44 of 1st period - Deflect By Matt Duchene.
16:44 of 1st period - Shot Blocked by Christopher Tanev.
16:44 of 1st period - Puck is out of play.
16:45 of 1st period - Casey Cizikas wins face-off versus Mark Scheifele in Jets zone.
16:52 of 1st period - Snap shot by Drew O'Connor.
16:52 of 1st period - Stopped by Ville Husso without a rebound.
16:53 of 1st period - Mark Scheifele wins face-off versus Casey Cizikas in Jets zone.
17:58 of 1st period - Snap shot by Drew O'Connor.
17:58 of 1st period - Shot Misses the Net.
18:00 of 1st period - Wrist shot by Casey Cizikas.
18:00 of 1st period - Stopped by Ville Husso with a rebound.
18:02 of 1st period - Slapshot by Oliver Ekman-Larsson.
18:02 of 1st period - Stopped by Ville Husso with a rebound.
18:04 of 1st period - Slapshot by Jakob Chychrun.
18:04 of 1st period - Stopped by Ville Husso with a rebound.
18:08 of 1st period - Snap shot by Drew O'Connor.
18:08 of 1st period - Shot Misses the Net.
18:10 of 1st period - Slapshot by Oliver Ekman-Larsson.
18:10 of 1st period - Deflect By Drew O'Connor.
18:10 of 1st period - Shot Misses the Net.
18:10 of 1st period - Puck is out of play.
18:11 of 1st period - Matt Duchene wins face-off versus Anze Kopitar in Jets zone.
18:20 of 1st period - Wrist shot by Robert Thomas.
18:20 of 1st period - Shot Blocked by Johnathan Kovacevic.
18:22 of 1st period - Snap shot by Robert Thomas.
18:22 of 1st period - Shot Misses the Net.
18:24 of 1st period - Slapshot by Christopher Tanev.
18:24 of 1st period - Shot Blocked by Matt Duchene.
18:26 of 1st period - Wrist shot by Robert Thomas.
18:26 of 1st period - Shot Misses the Net.
18:28 of 1st period - Slapshot by Christopher Tanev.
18:28 of 1st period - Shot Misses the Net.
18:43 of 1st period - Backhand shot by Tomas Tatar.
18:43 of 1st period - Stopped by Ville Husso without a rebound.
18:44 of 1st period - Jonny Brodzinski wins face-off versus Nick Foligno in Jets zone.
18:51 of 1st period - Snap shot by Max Pacioretty.
18:51 of 1st period - Shot Misses the Net.
18:53 of 1st period - Slapshot by Vincent Desharnais.
18:53 of 1st period - Shot Blocked by Matt Grzelcyk.
19:27 of 1st period - Snap shot by Tomas Tatar.
19:27 of 1st period - Shot Misses the Net.
19:29 of 1st period - Wrist shot by Jonny Brodzinski.
19:29 of 1st period - Stopped by Ville Husso with a rebound.
19:35 of 1st period - Snap shot by Tomas Tatar.
19:35 of 1st period - Stopped by Ville Husso without a rebound.
19:36 of 1st period - Anze Kopitar wins face-off versus Matt Duchene in Jets zone.
19:49 of 1st period - Slapshot by Robert Thomas.
19:49 of 1st period - Stopped by Ukko-Pekka Luukkonen with a rebound.
19:51 of 1st period - Slapshot by Anze Kopitar.
19:51 of 1st period - Shot Blocked by Stefan Noesen.
19:53 of 1st period - Slapshot by Thomas Chabot.
19:53 of 1st period - Stopped by Ukko-Pekka Luukkonen with a rebound.
Goals for this period are 0 for Jets vs 0 for Canucks.
Shots for this period are 8 for Jets vs 19 for Canucks.

2nd period


0:01 of 2nd period - Anze Kopitar wins face-off versus Matt Duchene in neutral zone.
0:54 of 2nd period - Carson Soucy is hit by Adam Klapka and loses puck.
1:09 of 2nd period - Snap shot by Ryan Strome.
1:09 of 2nd period - Deflect By Nick Foligno.
1:09 of 2nd period - Shot Misses the Net.
1:09 of 2nd period - Puck is out of play.
1:10 of 2nd period - Ryan Strome wins face-off versus Matt Duchene in Canucks zone.
2:10 of 2nd period - Wrist shot by Nikita Kucherov.
2:10 of 2nd period - Shot Misses the Net.
2:26 of 2nd period - Wrist shot by Curtis Lazar.
2:26 of 2nd period - Shot Blocked by Jakob Chychrun.
2:28 of 2nd period - Snap shot by Tommy Novak.
2:28 of 2nd period - Stopped by Ukko-Pekka Luukkonen without a rebound.
2:29 of 2nd period - Tommy Novak wins face-off versus Matt Duchene in Canucks zone.
2:30 of 2nd period - Slapshot by Thomas Chabot.
2:30 of 2nd period - Deflect By Curtis Lazar.
2:30 of 2nd period - Shot Misses the Net.
2:30 of 2nd period - Puck is out of play.
2:31 of 2nd period - Anze Kopitar wins face-off versus Matt Duchene in Canucks zone.
2:34 of 2nd period - Backhand shot by Martin Necas.
2:34 of 2nd period - Stopped by Ukko-Pekka Luukkonen with a rebound.
3:11 of 2nd period - Snap shot by Drew O'Connor.
3:11 of 2nd period - Stopped by Ville Husso with a rebound.
3:13 of 2nd period - Slapshot by Oliver Ekman-Larsson.
3:13 of 2nd period - Deflect By Drew O'Connor.
3:13 of 2nd period - Shot Blocked by Kirill Kaprizov.
3:13 of 2nd period - Puck is out of play.
3:14 of 2nd period - Jonny Brodzinski wins face-off versus Anze Kopitar in Jets zone.
3:17 of 2nd period - Wrist shot by Jonny Brodzinski.
3:17 of 2nd period - Stopped by Ville Husso without a rebound.
3:18 of 2nd period - Jonny Brodzinski wins face-off versus Anze Kopitar in Jets zone.
3:31 of 2nd period - Wrist shot by Jonny Brodzinski.
3:31 of 2nd period - Shot Misses the Net.
3:53 of 2nd period - Wrist shot by Ryan Strome.
3:53 of 2nd period - Deflect By Mathieu Olivier.
3:53 of 2nd period - Stopped by Ukko-Pekka Luukkonen without a rebound.
3:54 of 2nd period - Mark Scheifele wins face-off versus Matt Duchene in Canucks zone.
4:11 of 2nd period - Snap shot by Kirill Kaprizov.
4:11 of 2nd period - Stopped by Ukko-Pekka Luukkonen with a rebound.
4:22 of 2nd period - Jakob Chychrun is hit by Thomas Chabot and loses puck.
4:33 of 2nd period - Slapshot by Thomas Chabot.
4:33 of 2nd period - Shot Blocked by Jakob Chychrun.
5:09 of 2nd period - Slapshot by Martin Necas.
5:09 of 2nd period - Shot Misses the Net.
5:28 of 2nd period - Off-side.
5:29 of 2nd period - Casey Cizikas wins face-off versus Mark Scheifele in neutral zone.
6:18 of 2nd period - Backhand shot by Ryan Strome.
6:18 of 2nd period - Shot Blocked by Matt Duchene.
6:23 of 2nd period - Off-side.
6:24 of 2nd period - Casey Cizikas wins face-off versus Mark Scheifele in neutral zone.
6:34 of 2nd period - Slapshot by Jonathan Drouin.
6:34 of 2nd period - Stopped by Ville Husso with a rebound.
6:40 of 2nd period - Wrist shot by Jonathan Drouin.
6:40 of 2nd period - Shot Misses the Net.
6:58 of 2nd period - Wrist shot by Tommy Novak.
6:58 of 2nd period - Shot Misses the Net.
7:35 of 2nd period - Carson Soucy is hit by Nick Foligno and loses puck.
7:44 of 2nd period - Slapshot by Ryan Strome.
7:44 of 2nd period - Stopped by Ukko-Pekka Luukkonen without a rebound.
7:45 of 2nd period - Casey Cizikas wins face-off versus Mark Scheifele in Canucks zone.
7:54 of 2nd period - Slapshot by Drew O'Connor.
7:54 of 2nd period - Shot Misses the Net.
8:02 of 2nd period - Wrist shot by Jonathan Drouin.
8:02 of 2nd period - Stopped by Ville Husso with a rebound.
8:12 of 2nd period - Matt Duchene is hit by Nick Foligno and loses puck.
10:10 of 2nd period - Slapshot by Jonny Brodzinski.
10:10 of 2nd period - Stopped by Ville Husso without a rebound.
10:11 of 2nd period - Anze Kopitar wins face-off versus Casey Cizikas in Jets zone.
10:47 of 2nd period - Wrist shot by Drew O'Connor.
10:47 of 2nd period - Stopped by Ville Husso with a rebound.
11:01 of 2nd period - Snap shot by Jonathan Drouin.
11:01 of 2nd period - Shot Misses the Net.
11:19 of 2nd period - Snap shot by Robert Thomas.
11:19 of 2nd period - Stopped by Ukko-Pekka Luukkonen with a rebound.
11:21 of 2nd period - Backhand shot by Robert Thomas.
11:21 of 2nd period - Stopped by Ukko-Pekka Luukkonen without a rebound.
11:22 of 2nd period - Matt Duchene wins face-off versus Mark Scheifele in Canucks zone.
11:22 of 2nd period - Matt Duchene is hit by Thomas Chabot.
11:38 of 2nd period - Slapshot by Jonathan Huberdeau.
11:38 of 2nd period - Stopped by Ville Husso with a rebound.
12:27 of 2nd period - Icing by Thomas Chabot.
12:28 of 2nd period - Jonny Brodzinski wins face-off versus Tommy Novak in Jets zone.
13:52 of 2nd period - Slapshot by Oliver Ekman-Larsson.
13:52 of 2nd period - Stopped by Ville Husso with a rebound.
14:32 of 2nd period - Snap shot by Ryan Strome.
14:32 of 2nd period - Stopped by Ukko-Pekka Luukkonen without a rebound.
14:33 of 2nd period - Jonny Brodzinski wins face-off versus Ryan Strome in Canucks zone.
14:37 of 2nd period - Icing by Carson Soucy.
14:38 of 2nd period - Jonny Brodzinski wins face-off versus Mark Scheifele in Canucks zone.
14:45 of 2nd period - Slapshot by Johnathan Kovacevic.
14:45 of 2nd period - Shot Blocked by Dougie Hamilton.
15:14 of 2nd period - Snap shot by Mark Scheifele.
15:14 of 2nd period - Stopped by Ukko-Pekka Luukkonen without a rebound.
15:15 of 2nd period - Matt Duchene wins face-off versus Mathieu Olivier in Canucks zone.
15:41 of 2nd period - Jonathan Drouin is hit by Martin Necas and loses puck.
16:02 of 2nd period - Lane Hutson is hit by Adam Klapka and loses puck.
16:31 of 2nd period - Slapshot by Nikita Kucherov.
16:31 of 2nd period - Stopped by Ukko-Pekka Luukkonen without a rebound.
16:32 of 2nd period - Drew O'Connor wins face-off versus Ryan Strome in Canucks zone.
16:41 of 2nd period - Wrist shot by Drew O'Connor.
16:41 of 2nd period - Shot Blocked by Dougie Hamilton.
16:59 of 2nd period - Mark Scheifele is hit by Stefan Noesen and loses puck.
18:16 of 2nd period - Snap shot by Drew O'Connor.
18:16 of 2nd period - Shot Blocked by Christopher Tanev.
19:09 of 2nd period - Ilya Lyubushkin is hit by Max Pacioretty and loses puck.
19:27 of 2nd period - Mathieu Olivier is hit by Oliver Ekman-Larsson and loses puck.
19:36 of 2nd period - Snap shot by Ryan Strome.
19:36 of 2nd period - Goal by Ryan Strome - Jets : 1 - Canucks : 0.
19:37 of 2nd period - Mark Scheifele wins face-off versus Casey Cizikas in neutral zone.
19:37 of 2nd period - Mark Scheifele is hit by Jakob Chychrun.
Goals for this period are 1 for Jets vs 0 for Canucks.
Shots for this period are 11 for Jets vs 8 for Canucks.

3rd period


0:01 of 3rd period - Matt Duchene wins face-off versus Nikita Kucherov in neutral zone.
0:22 of 3rd period - Minor Penalty to Stefan Noesen for Tripping.
0:23 of 3rd period - Anze Kopitar wins face-off versus Matt Duchene in Canucks zone.
0:30 of 3rd period - Slapshot by Nikita Kucherov.
0:30 of 3rd period - Shot Misses the Net.
0:32 of 3rd period - Snap shot by Thomas Chabot.
0:32 of 3rd period - Deflect By Jonathan Huberdeau.
0:32 of 3rd period - Stopped by Ukko-Pekka Luukkonen with a rebound.
0:38 of 3rd period - Wrist shot by Anze Kopitar.
0:38 of 3rd period - Shot Misses the Net.
0:40 of 3rd period - Snap shot by Anze Kopitar.
0:40 of 3rd period - Shot Misses the Net.
0:53 of 3rd period - Off-side.
0:54 of 3rd period - Matt Duchene wins face-off versus Robert Thomas in neutral zone.
1:55 of 3rd period - Snap shot by Martin Necas.
1:55 of 3rd period - Stopped by Ukko-Pekka Luukkonen with a rebound.
1:57 of 3rd period - Wrist shot by Martin Necas.
1:57 of 3rd period - Stopped by Ukko-Pekka Luukkonen with a rebound.
2:03 of 3rd period - Snap shot by Martin Necas.
2:03 of 3rd period - Shot Misses the Net.
2:05 of 3rd period - Slapshot by Dougie Hamilton.
2:05 of 3rd period - Stopped by Ukko-Pekka Luukkonen without a rebound.
2:06 of 3rd period - Max Pacioretty wins face-off versus Kirill Kaprizov in Canucks zone.
2:22 of 3rd period - Penalty to Stefan Noesen is over, Stefan Noesen is back on ice.
2:22 of 3rd period - Snap shot by Kirill Kaprizov.
2:22 of 3rd period - Stopped by Ukko-Pekka Luukkonen with a rebound.
2:43 of 3rd period - Slapshot by Thomas Chabot.
2:43 of 3rd period - Shot Misses the Net.
3:33 of 3rd period - Off-side.
3:34 of 3rd period - Curtis Lazar wins face-off versus Casey Cizikas in neutral zone.
3:37 of 3rd period - Johnathan Kovacevic is hit by Kirill Kaprizov and loses puck.
3:45 of 3rd period - Wrist shot by Casey Cizikas.
3:45 of 3rd period - Shot Blocked by Dougie Hamilton.
3:52 of 3rd period - Off-side.
3:53 of 3rd period - Matt Duchene wins face-off versus Ryan Strome in neutral zone.
4:30 of 3rd period - Minor Penalty to Johnathan Kovacevic for Roughing.
4:31 of 3rd period - Anze Kopitar wins face-off versus Matt Duchene in Canucks zone.
4:45 of 3rd period - Slapshot by Thomas Chabot.
4:45 of 3rd period - Goal by Thomas Chabot - Jets : 2 - Canucks : 0.
4:46 of 3rd period - Matt Duchene wins face-off versus Anze Kopitar in neutral zone.
4:59 of 3rd period - Wrist shot by Matt Duchene.
4:59 of 3rd period - Stopped by Ville Husso with a rebound.
5:13 of 3rd period - Adam Larsson is hit by Max Pacioretty and loses puck.
5:28 of 3rd period - Wrist shot by Martin Necas.
5:28 of 3rd period - Stopped by Ukko-Pekka Luukkonen without a rebound.
5:29 of 3rd period - Mark Scheifele wins face-off versus Matt Duchene in Canucks zone.
5:36 of 3rd period - Nikita Kucherov is hit by Stefan Noesen and loses puck.
5:54 of 3rd period - Icing by Nick Foligno.
5:55 of 3rd period - Casey Cizikas wins face-off versus Ryan Strome in Jets zone.
6:22 of 3rd period - Slapshot by Thomas Chabot.
6:22 of 3rd period - Stopped by Ukko-Pekka Luukkonen with a rebound.
6:24 of 3rd period - Backhand shot by Nick Foligno.
6:24 of 3rd period - Shot Misses the Net.
6:26 of 3rd period - Wrist shot by Mathieu Olivier.
6:26 of 3rd period - Shot Misses the Net.
6:28 of 3rd period - Slapshot by Mathieu Olivier.
6:28 of 3rd period - Stopped by Ukko-Pekka Luukkonen without a rebound.
6:29 of 3rd period - Matt Duchene wins face-off versus Mark Scheifele in Canucks zone.
6:51 of 3rd period - Minor Penalty to Kirill Kaprizov for Holding.
6:52 of 3rd period - Matt Duchene wins face-off versus Anze Kopitar in Jets zone.
7:03 of 3rd period - Snap shot by Jonathan Huberdeau.
7:03 of 3rd period - Shot Misses the Net.
7:49 of 3rd period - Slapshot by Christopher Tanev.
7:49 of 3rd period - Stopped by Ukko-Pekka Luukkonen with a rebound.
8:07 of 3rd period - Ilya Lyubushkin is hit by Casey Cizikas and loses puck.
8:51 of 3rd period - Penalty to Kirill Kaprizov is over, Kirill Kaprizov is back on ice.
9:04 of 3rd period - Nikita Kucherov is hit by Jonny Brodzinski and loses puck.
9:31 of 3rd period - Vincent Desharnais is hit by Ilya Lyubushkin and loses puck.
10:37 of 3rd period - Carson Soucy is hit by Nick Foligno and loses puck.
11:21 of 3rd period - Icing by Adam Larsson.
11:22 of 3rd period - William Carrier wins face-off versus Nikita Kucherov in Jets zone.
11:23 of 3rd period - Snap shot by Kirby Dach.
11:23 of 3rd period - Stopped by Ville Husso with a rebound.
11:55 of 3rd period - Slapshot by Jonathan Drouin.
11:55 of 3rd period - Stopped by Ville Husso with a rebound.
11:57 of 3rd period - Wrist shot by Jonathan Drouin.
11:57 of 3rd period - Shot Misses the Net.
11:59 of 3rd period - Slapshot by Vincent Desharnais.
11:59 of 3rd period - Shot Blocked by Thomas Chabot.
12:01 of 3rd period - Snap shot by Jonathan Drouin.
12:01 of 3rd period - Shot Misses the Net.
12:11 of 3rd period - Wrist shot by Tommy Novak.
12:11 of 3rd period - Shot Misses the Net.
13:03 of 3rd period - Slapshot by Drew O'Connor.
13:03 of 3rd period - Shot Misses the Net.
13:21 of 3rd period - Slapshot by Robert Thomas.
13:21 of 3rd period - Deflect By Anze Kopitar.
13:21 of 3rd period - Stopped by Ukko-Pekka Luukkonen with a rebound.
13:23 of 3rd period - Snap shot by Robert Thomas.
13:23 of 3rd period - Shot Blocked by Johnathan Kovacevic.
13:25 of 3rd period - Snap shot by Anze Kopitar.
13:25 of 3rd period - Stopped by Ukko-Pekka Luukkonen without a rebound.
13:26 of 3rd period - Kirill Kaprizov wins face-off versus Casey Cizikas in Canucks zone.
13:29 of 3rd period - Snap shot by Nikita Kucherov.
13:29 of 3rd period - Stopped by Ukko-Pekka Luukkonen with a rebound.
13:31 of 3rd period - Slapshot by Ilya Lyubushkin.
13:31 of 3rd period - Stopped by Ukko-Pekka Luukkonen with a rebound.
13:33 of 3rd period - Slapshot by Matt Grzelcyk.
13:33 of 3rd period - Stopped by Ukko-Pekka Luukkonen without a rebound.
13:34 of 3rd period - Mark Scheifele wins face-off versus Drew O'Connor in Canucks zone.
13:48 of 3rd period - Off-side.
13:49 of 3rd period - Anze Kopitar wins face-off versus Matt Duchene in neutral zone.
14:25 of 3rd period - Wrist shot by Martin Necas.
14:25 of 3rd period - Shot Misses the Net.
14:48 of 3rd period - Off-side.
14:49 of 3rd period - Mark Scheifele wins face-off versus Matt Duchene in neutral zone.
14:52 of 3rd period - Matt Duchene is hit by Mark Scheifele and loses puck.
15:17 of 3rd period - Snap shot by Tommy Novak.
15:17 of 3rd period - Shot Blocked by Drew O'Connor.
16:31 of 3rd period - Snap shot by Anze Kopitar.
16:31 of 3rd period - Shot Blocked by Oliver Ekman-Larsson.
16:43 of 3rd period - Jakob Chychrun is hit by Nick Foligno and loses puck.
16:50 of 3rd period - Wrist shot by Mathieu Olivier.
16:50 of 3rd period - Shot Misses the Net.
16:52 of 3rd period - Wrist shot by Dougie Hamilton.
16:52 of 3rd period - Shot Hit the Post.
16:54 of 3rd period - Slapshot by Mathieu Olivier.
16:54 of 3rd period - Deflect By Ryan Strome.
16:54 of 3rd period - Shot Misses the Net.
16:54 of 3rd period - Puck is out of play.
16:55 of 3rd period - Tommy Novak wins face-off versus Matt Duchene in Canucks zone.
17:02 of 3rd period - Snap shot by Tommy Novak.
17:02 of 3rd period - Shot Misses the Net.
17:07 of 3rd period - Icing by Matt Duchene.
17:08 of 3rd period - Nick Foligno wins face-off versus Matt Duchene in Canucks zone.
17:17 of 3rd period - Slapshot by Carson Soucy.
17:17 of 3rd period - Shot Blocked by Mathieu Olivier.
17:19 of 3rd period - Slapshot by Jonathan Huberdeau.
17:19 of 3rd period - Shot Misses the Net.
17:21 of 3rd period - Slapshot by Johnathan Kovacevic.
17:21 of 3rd period - Deflect By Jonathan Huberdeau.
17:21 of 3rd period - Deflect By Mathieu Olivier.
17:21 of 3rd period - Stopped by Ville Husso without a rebound.
17:22 of 3rd period - Matt Duchene wins face-off versus Tommy Novak in Jets zone.
17:27 of 3rd period - Slapshot by Stefan Noesen.
17:27 of 3rd period - Shot Blocked by Tommy Novak.
17:29 of 3rd period - Wrist shot by Jonathan Huberdeau.
17:29 of 3rd period - Stopped by Ville Husso with a rebound.
17:31 of 3rd period - Snap shot by Jonathan Huberdeau.
17:31 of 3rd period - Deflect By Christopher Tanev.
17:31 of 3rd period - Stopped by Ville Husso without a rebound.
17:32 of 3rd period - Tommy Novak wins face-off versus Matt Duchene in Jets zone.
17:36 of 3rd period - Off-side.
17:37 of 3rd period - Ryan Strome wins face-off versus Matt Duchene in neutral zone.
17:45 of 3rd period - Minor Penalty to Mathieu Olivier for Tripping.
17:46 of 3rd period - Matt Duchene wins face-off versus Anze Kopitar in Jets zone.
17:51 of 3rd period - Wrist shot by Jonathan Huberdeau.
17:51 of 3rd period - Goal by Jonathan Huberdeau - Jets : 2 - Canucks : 1.
17:52 of 3rd period - Tommy Novak wins face-off versus Matt Duchene in neutral zone.
18:30 of 3rd period - Casey Cizikas is hit by Adam Larsson and loses puck.
19:03 of 3rd period - Canucks, Ukko-Pekka Luukkonen is pulled from the net.
Goals for this period are 1 for Jets vs 1 for Canucks.
Shots for this period are 15 for Jets vs 7 for Canucks.